 Dungeon Crawl Stone Soup version 0.31.0-4-g52a2dc7128 (webtiles) character file.

Game seed: 7088139529945468748

377 ssalbiz the Magician (level 6, 0/32 HPs)
             Began as a Deep Elf Hedge Wizard on Jan 22, 2024.
             Succumbed to an adder's poison
             ... in a sewer.
             The game lasted 00:10:12 (4673 turns).

ssalbiz the Magician (Deep Elf Hedge Wizard)        Turns: 4673, Time: 00:10:13

Health: 0/32       AC:  3    Str:  7    XL:     6   Next: 45%
Magic:  12/17      EV:  9    Int: 27    God:
Gold:   180        SH:  0    Dex: 14    Spells: 10/18 levels left

rFire   . . .        o - +2 dagger (elec)
rCold   . . .        (no shield)
rNeg    . . .        b - +0 robe
rPois   .            c - +0 hat
rElec   .            (no cloak)
rCorr   .            (no gloves)
SInv    .            a - +0 pair of boots
Will    .....        (no amulet)
Stlth   ++           f - +6 ring of intelligence
HPRegen 0.25/turn    (no ring)
MPRegen 0.15/turn

%: no passive effects
@: lethally poisoned (0 -> -3), constricted
A: no striking features
a: no special abilities


You were in a sewer.
You visited 1 branch of the dungeon, and saw 4 of its levels.
You also visited: Sewer.

You collected 180 gold pieces.

Inventory:

Hand Weapons
 o - a +2 dagger of electrocution (weapon)
Armour
 a - a +0 pair of boots (worn)
 b - a +0 robe (worn)
 c - a +0 hat (worn)
Jewellery
 f - a +6 ring of intelligence (left hand)
Wands
 p - a wand of polymorph (9)
Scrolls
 e - 2 scrolls of brand weapon {unknown}
 g - 6 scrolls of identify {unknown}
 j - 2 scrolls of immolation {unknown}
 k - a scroll of revelation {unknown}
 q - a scroll of amnesia {unknown}
 s - a scroll of teleportation {unknown}
 t - a scroll of enchant weapon {unknown}
 u - a scroll of blinking {unknown}
 v - a scroll of enchant armour {unknown}
Potions
 d - a potion of magic
 h - 2 potions of resistance {unknown}
 i - a potion of ambrosia {unknown}
 l - a potion of invisibility {unknown}
 m - a potion of haste {unknown}
 n - a potion of curing {unknown}
 r - a potion of heal wounds {unknown}
 w - a potion of cancellation {unknown}


   Skills:
 - Level 2.4 Dodging
 - Level 2.4 Stealth
 + Level 6.6 Spellcasting
 + Level 4.1 Conjurations
 - Level 1.1 Summonings
 - Level 1.1 Translocations
 + Level 2.5 Air Magic
 + Level 2.8 Alchemy


You had 10 spell levels left.
You knew the following spells:

 Your Spells              Type           Power      Damage    Failure   Level
a - Magic Dart            Conj           100%       1d8       1%          1
b - Call Imp              Summ           28%        N/A       6%          2
c - Mephitic Cloud        Conj/Alch/Air  26%        N/A       4%          3
d - Blink                 Tloc           28%        N/A       6%          2

Your spell library contained the following spells:

 Spells                   Type           Power      Damage    Failure   Level
 Cigotuvi's Dreadful Rot  Necr/Alch/Air  36%        N/A       4%          2
 Slow                     Hex            32%        N/A       6%          1


Dungeon Overview and Level Annotations

Branches:
Dungeon (4/15)              Sewer (1/1)
 Temple: D:4-7

Altars:

Shops:
D:1 (

Annotations:
D:3 exclusion: centaur
D:4 1 runed translucent door, Vadun's ghost, weakling MiMo


Message History

The ball python bites you. The adder closely misses you.
The ball python bites you but does no damage.
Your cerulean imp hits the ball python but does no damage.
The ball python bites you but does no damage. x2
The ball python constricts you. The ball python bites you.
Unknown command.
Aiming: Magic Dart (safe; 1% risk of failure)
Press: ? - help, Q - select action, (/) - cycle Shift-Dir - straight line, f/p - adder
Aim: an adder (moderately wounded, 100% to hit)
The magic dart hits the adder.
The adder is heavily wounded.
You feel sick. The adder barely misses you.
The ball python bites you but does no damage.
Your cerulean imp hits the ball python from afar with a -3 spear.
The ball python bites you but does no damage.
The ball python constricts you. The ball python bites you.
* * * LOW HITPOINT WARNING * * *
The ball python misses you.
Unknown command.
Unknown command.
Aiming: Magic Dart (safe; 1% risk of failure)
Press: ? - help, Q - select action, (/) - cycle Shift-Dir - straight line, f/p - adder
Aim: an adder (heavily wounded, 100% to hit)
The magic dart hits the bullfrog.
The bullfrog is lightly wounded.
You feel sick.
The bullfrog hits you but does no damage.
The ball python barely misses you. x2; The ball python constricts you.
* * * LOW HITPOINT WARNING * * *
The ball python bites you.
* * * LOW HITPOINT WARNING * * *
Your cerulean imp barely misses the ball python.
The bullfrog hits you.
* * * LOW HITPOINT WARNING * * *
Aiming: Magic Dart (safe; 1% risk of failure)
Press: ? - help, Q - select action, (/) - cycle Shift-Dir - straight line, f - ball python, p - adder
Aim: a ball python (100% to hit)
The magic dart hits the ball python!
You kill the ball python!
You die...

###################
.≈≈≈≈~~≈~≈≈≈≈≈~~#.###
#~..~≈≈≈≈≈S....##
.SS≈~~#≈~#~~~≈~S†.†..#
.≈~~~~≈≈≈≈≈†~~SF@.†..#
.~S≈≈≈≈≈≈≈≈≈≈~5SS....##
.~≈≈≈≈≈≈≈≈≈≈≈≈≈~#.....#
##################....#
####...## #..#....#
#..'....# #####...#
##...##


You could see a bullfrog, an adder, 4 ball pythons and a friendly cerulean imp
(summoned).

Vanquished Creatures
  An ogre (D:4)
  A scorpion (D:2)
  Terence (D:3)
  5 river rats (Sewer)
  2 adders (Sewer)
  2 dart slugs
  4 ribbon worms
  5 orcs (D:3)
  5 endoplasms
  9 giant cockroaches
  5 goblins
  2 hobgoblins
  3 jackals (D:2)
  6 quokkas
  16 ball pythons
  12 bats
  2 frilled lizards (Sewer)
  8 kobolds
  20 rats
109 creatures vanquished.

Vanquished Creatures (collateral kills)
  3 adders (Sewer)
  A frilled lizard (Sewer)
  2 rats (Sewer)
6 creatures vanquished.

Grand Total: 115 creatures vanquished

Notes
Turn   | Place    | Note
-------+----------+-------------------------------------------
     0 | D:1      | ssalbiz the Deep Elf Hedge Wizard began the quest for the
                  | Orb.
     0 | D:1      | Reached XP level 1. HP: 10/10 MP: 7/7
   231 | D:1      | Found Saossib's Weapon Emporium.
   343 | D:1      | Reached XP level 2. HP: 15/15 MP: 6/9
   386 | D:1      | Learned a level 2 spell: Call Imp
   585 | D:1      | Reached skill level 5 in Spellcasting
  1117 | D:2      | Reached XP level 3. HP: 18/19 MP: 4/11
  1207 | D:2      | Learned a level 3 spell: Mephitic Cloud
  1807 | D:2      | Learned a level 2 spell: Blink
  2400 | D:3      | Reached XP level 4. HP: 24/24 MP: 10/13
  2566 | D:3      | Reached skill level 1 in Alchemy
  2695 | D:3      | Noticed a centaur
  2756 | D:3      | Noticed Terence
  2780 | D:3      | Noticed a scorpion
  2937 | D:3      | Killed Terence
  2938 | D:3      | Reached skill level 1 in Air Magic
  3149 | D:2      | Killed a scorpion
  3150 | D:2      | Reached skill level 6 in Spellcasting
  3150 | D:2      | Reached XP level 5. HP: 9/28 MP: 6/15
  3658 | D:4      | Found a runed translucent door.
  3659 | D:4      | Noticed Vadun's ghost (weakling MiMo)
  3663 | D:4      | Noticed an ogre
  3687 | D:4      | Killed an ogre
  3918 | D:4      | Found a glowing drain.
  3931 | Sewer    | Entered a sewer
  4077 | Sewer    | Reached XP level 6. HP: 25/32 MP: 5/17
  4672 | Sewer    | HP: 1/32 [bullfrog (4)]
  4673 | Sewer    | Succumbed to an adder's poison

Illustrated notes

Levels and vault maps discovered:
D:1:      minmay_arrival_open_corners, layout_basic, serial_shops, shop,
          dreamdust_wishing_well
D:2:      layout_basic
D:3:      layout_loops_ring, uniq_terence
D:4:      layout_rooms, gammafunk_ghost_grave, serial_aquarium,
          aquarium_bridge_long_joined [aquarium_subvault_wall,
          aquarium_subvault_window, aquarium_subvault_wall,
          aquarium_subvault_wall, aquarium_subvault_window,
          aquarium_subvault_bridge], aquarium_bridge_square
          [aquarium_subvault_balcony, aquarium_subvault_wall,
          aquarium_subvault_bridge, aquarium_subvault_wall],
          aquarium_window_fake, aquarium_window_fake, aquarium_view_2e,
          gup_sewer_entry_pipe, serial_shops, nicolae_take_the_stairs
Sewer:    sewer_minmay_w

Skill      XL: |  1  2  3  4  5  6 |
---------------+-------------------+-----
Conjurations   | 2 3 4 |  4.1
Spellcasting   | 5 6 |  6.6
Alchemy        | 1 2 |  2.8
Air Magic      | 1 2 |  2.5
Dodging        | |  2.4
Stealth        | |  2.4
Summonings     | |  1.1
Translocations | |  1.1

Action                     |  1- 3 |  4- 6 || total
---------------------------+-------+-------++-------
  Melee: Dagger            |     1 |    25 ||    26
         Punch             |       |     1 ||     1
   Cast: Magic Dart        |   116 |   109 ||   225
         Call Imp          |       |     7 ||     7
         Blink             |       |     4 ||     4
         Mephitic Cloud    |       |     3 ||     3
   Stab: Sleeping          |     1 |       ||     1
 Armour: Robe              |     6 |    65 ||    71
  Dodge: Dodged            |     7 |    66 ||    73
